 Dungeon Crawl Stone Soup version 0.27-a0-906-g0a00ce863d (webtiles) character file.

Game seed: 2877462916063451426

113 tilp the Skirmisher (level 4, -1/38 HPs)
             Began as a Demonspawn Brigand on Apr 6, 2021.
             Succumbed to a kobold's poison
             ... on level 3 of the Dungeon.
             The game lasted 00:03:32 (2580 turns).

tilp the Skirmisher (Demonspawn Brigand)            Turns: 2580, Time: 00:03:33

Health: -1/38      AC: 13    Str: 12    XL:     4   Next: 65%
Magic:  4/4        EV:  5    Int: 13    God:
Gold:   74         SH:  0    Dex: 14    Spells: 3/3 levels left

rFire    . . .     SeeInvis +   a - +0 war axe
rCold    . . .     Faith    .   (no shield)
rNeg     + . .     Spirit   .   r - +2 chain mail {rN+}
rPois    .         Reflect  .   (no helmet)
rElec    .         Harm     .   c - +0 cloak
rCorr    .         Rampage  +   (no gloves)
Will     +....                  n - +0 pair of boots {rampage}
Stlth    ..........             (no amulet)
HPRegen  0.12/turn              o - ring of see invisible
MPRegen  0.09/turn              k - ring of willpower

@: lethally poisoned (-1 -> -12), attractive
A: hooves 1, powered by pain 1, sharp scales 1
a: no special abilities


You were on level 3 of the Dungeon.
You visited 1 branch of the dungeon, and saw 3 of its levels.

You collected 74 gold pieces.

Inventory:

Hand Weapons
 a - a +0 war axe (weapon)
Missiles
 d - 8 poisoned darts (quivered)
 e - 2 curare-tipped darts {!f}
 t - 2 boomerangs
 v - 2 throwing nets
Armour
 c - a +0 cloak (worn)
 n - a +0 pair of boots of rampaging (worn)
 r - a +2 chain mail of positive energy (worn)
Jewellery
 k - a ring of willpower (right hand)
 o - a ring of see invisible (left hand)
Scrolls
 f - a scroll of immolation {unknown}
 i - a scroll of teleportation {unknown}
 j - a scroll of blinking {unknown}
 m - a scroll of amnesia {unknown}
 p - a scroll of fog {unknown}
 q - a scroll of magic mapping {unknown}
Potions
 g - a potion of brilliance {unknown}
 h - a potion of might {unknown}
 l - 2 potions of attraction
 u - a potion of magic {unknown}


   Skills:
 + Level 4.5 Fighting
 - Level 1.7 Short Blades
 - Level 1.7 Throwing
 - Level 2.0 Dodging
 - Level 3.6 Stealth


You had 3 spell levels left.
You didn't know any spells.
Your spell library was empty.

Dungeon Overview and Level Annotations

Branches:
Dungeon (3/15)

Altars:


Innate Abilities, Weirdness & Mutations

You have large cloven feet.
You sometimes gain a little power by taking damage.
You are partially covered in razor-sharp scales. (AC +1, Slay +1)


Message History

The centaur is moderately wounded.
The centaur hits you.
* * * LOW HITPOINT WARNING * * *
The centaur kicks you but does no damage.
The centaur hits you but does no damage.
The centaur kicks you.
* * * LOW HITPOINT WARNING * * *
The centaur hits you but does no damage.
The centaur kicks you but does no damage.
You barely miss the centaur.
The centaur is moderately wounded.
The centaur hits you but does no damage.
The centaur kicks you but does no damage.
The centaur hits you.
* * * LOW HITPOINT WARNING * * *
The centaur kicks you.
* * * LOW HITPOINT WARNING * * *
You barely miss the centaur.
The centaur is moderately wounded.
Your chain mail prevents you from hitting the kobold.
The kobold hits you but does no damage.
The centaur hits you but does no damage.
The centaur kicks you but does no damage.
The centaur barely misses you. x2
Your chain mail prevents you from hitting the centaur.
The centaur is moderately wounded.
You hit the kobold.
The centaur hits you but does no damage.
The centaur kicks you.
* * * LOW HITPOINT WARNING * * *
The kobold hits you with a +3 dagger.
* * * LOW HITPOINT WARNING * * *
The centaur hits you but does no damage.
The centaur kicks you but does no damage.
The kobold hits you but does no damage.
You are lethally poisoned!
The kobold hits you but does no damage.
It was a potion of attraction.
You feel attractive to monsters.
You die...

#..#.##...#.###....##.#
..#..#
##........#†##.###
..#..# .#...#.).)†....#
.....# ###....#.#.##.#
.#...# ##...#.#.##.#
##...# ##..#.#.##.#
...# #.......#...#
##..........# ..#
#@K....###.#
#....##cK.#.## ..
#.....##.# #.. ##....##
. #.. #.....# . ..<
...#.... ...........
.......##... .......
....


You could see a centaur and 2 kobolds.

Vanquished Creatures
  Jessica (D:2)
  Terence (D:2)
  A gnoll (D:1)
  A worm (D:2)
  A dart slug (D:1)
  An orc (D:3)
  2 ball pythons
  5 bats
  4 endoplasms
  3 giant cockroaches
  5 hobgoblins (D:2)
  6 jackals (D:3)
  4 quokkas
  A frilled lizard (D:1)
  2 goblins (D:2)
  5 rats
43 creatures vanquished.

Notes
Turn   | Place    | Note
-------+----------+-------------------------------------------
     0 | D:1      | tilp the Demonspawn Brigand began the quest for the Orb.
     0 | D:1      | Reached XP level 1. HP: 16/16 MP: 1/1
   181 | D:1      | Gained mutation: You have large cloven feet. [demonic
                  | ancestry]
   181 | D:1      | Reached XP level 2. HP: 20/23 MP: 2/2
   546 | D:1      | Reached skill level 3 in Fighting
  1120 | D:2      | Gained mutation: You sometimes gain a little power by
                  | taking damage. [demonic ancestry]
  1120 | D:2      | Reached XP level 3. HP: 29/29 MP: 3/3
  1449 | D:2      | Noticed Terence
  1859 | D:2      | Killed Terence
  1860 | D:2      | Reached skill level 4 in Fighting
  1860 | D:2      | Reached skill level 1 in Dodging
  2023 | D:2      | Noticed Jessica
  2031 | D:2      | Killed Jessica
  2032 | D:2      | Gained mutation: You are partially covered in razor-sharp
                  | scales. (AC +1, Slay +1) [demonic ancestry]
  2032 | D:2      | Reached XP level 4. HP: 36/38 MP: 4/4
  2210 | D:2      | Found a faded altar of an unknown god.
  2556 | D:3      | Noticed a centaur
  2580 | D:3      | Succumbed to a kobold's poison

Illustrated notes

Levels and vault maps discovered:
D:1:      dpeg_arrival_rhombus, layout_loops_ring, ebering_dispersal_statue_hall
D:2:      layout_basic, chequers_ecumenical_altar_grove, uniq_terence,
          uniq_jessica
D:3:      layout_rooms, serial_shops, nicolae_shop_waterfront

Skill      XL: |  1  2  3  4 |
---------------+-------------+-----
Fighting       | 3 4 |  4.5
Dodging        | 1 2 |  2.0
Short Blades   | |  1.7
Throwing       | |  1.7
Stealth        | |  3.6

Action                   |  1- 3 |  4- 6 || total
-------------------------+-------+-------++-------
Melee: Dagger            |    70 |       ||    70
       Kick              |     9 |       ||     9
       Rapier            |    44 |    50 ||    94
       War axe           |       |    11 ||    11
Throw: Dart              |     1 |       ||     1
  Use: Potion            |       |     2 ||     2
 Stab: Sleeping          |     3 |       ||     3
Armor: Robe              |    10 |       ||    10
       Ring mail         |    22 |       ||    22
       Chain mail        |     7 |    85 ||    92
Dodge: Dodged            |    40 |    32 ||    72

Table legend: (Time is in decaauts)
 A = Elapsed time spent in this place.
 B = Non-inter-level travel time spent in this place.
 C = Inter-level travel time spent in this place.
 D = Time resting spent in this place.
 E = Time spent auto-exploring this place.
 F = Levels seen in this place.
 G = Mean time per level.
                   A        B        C        D        E       F      G
               +--------+--------+--------+--------+--------+-----+--------+
         Total |   2588 |   2540 |     48 |    369 |   1721 |   3 |  862.7 |
       Dungeon |   2588 |   2540 |     48 |    369 |   1721 |   3 |  862.7 |
               +--------+--------+--------+--------+--------+-----+--------+

Top non-repeatable levels by time:
     D:1: 1293 daAuts
     D:2: 1060 daAuts
     D:3: 233 daAuts
